 Dungeon Crawl Stone Soup version 0.31-a0-848-gaac375c287 (webtiles) character file.

Game seed: 16597758967837286055

107685 Schnaeble the Stickfighter (level 16, -3/107 HPs)
             Began as a Gargoyle Fighter on Oct 4, 2023.
             Was the Champion of the Shining One.
             Slain by a merfolk impaler
             ... wielding a +0 trident of flaming
              (14 damage)
             ... on level 4 of the Shoals.
             The game lasted 01:08:09 (25129 turns).

Schnaeble the Stickfighter (Gargoyle Fighter)      Turns: 25129, Time: 01:08:09

Health: -3/107     AC: 34    Str: 23    XL:     16   Next: 47%
Magic:  16/16      EV: 12    Int: 10    God:    the Shining One [******]
Gold:   1541       SH:  9    Dex: 13    Spells: 15/15 levels left

rFire   + . .        s - +8 spear (freeze)
rCold   + . .        c - +0 buckler
rNeg    + + +        e - +1 chain mail of Lethargy {Slay+2}
rPois   ∞            (no helmet)
rElec   +            u - +2 cloak
rCorr   .            r - +2 pair of gloves
SInv    .            i - +0 pair of boots
Will    +....        l - amulet of reflection Stlth
                     d - ring of protection from fire
HPRegen 0.37/turn    n - ring of Bank {rC+ Slay+4}
MPRegen 0.15/turn

%: reflection
@: about to teleport, flying, glowing
A: sickness immunity, AC +12, big wings, negative energy resistance 1,
electricity resistance, torment resistance 1, petrification resistance, mutation
resistance 1
a: Renounce Religion, Divine Shield, Cleansing Flame, Summon Divine Warrior,
Brand Weapon With Holy Wrath


You were on level 4 of the Shoals.
You worshipped the Shining One.
The Shining One was exalted by your worship.
You visited 5 branches of the dungeon, and saw 26 of its levels.

You collected 1854 gold pieces.
You spent 313 gold pieces at shops.

Inventory:

Hand Weapons
 a - a +0 flail of venom
 s - a +8 spear of freezing (weapon)
Missiles
 N - 3 throwing nets (quivered)
Armour
 c - a +0 buckler (worn)
 e - the +1 chain mail of Lethargy (worn) {Slay+2}
   (You found it on level 7 of the Dungeon)

   Slay+2:    It affects your accuracy & damage with ranged weapons and melee
   (+2).
 i - a +0 pair of boots (worn)
 r - a +2 pair of gloves (worn)
 u - a +2 cloak (worn)
 K - the +4 scale mail of the Beginning {rC+}
   (You found it on level 14 of the Dungeon)

   rC+:       It protects you from cold.
Jewellery
 b - a +5 ring of evasion
 d - a ring of protection from fire (left hand)
 k - a +4 ring of protection
 l - an amulet of reflection (around neck)
 n - the ring of Bank (right hand) {rC+ Slay+4}
   (You found it on level 4 of the Dungeon)

   [ring of slaying]

   Slay+4:    It affects your accuracy & damage with ranged weapons and melee
   (+4).
   rC+:       It protects you from cold.
 v - the ring "Dyutit" {rF+ rN+ Str+4 Slay-3}
   (You found it on level 7 of the Dungeon)

   [ring of positive energy]

   Str+4:     It affects your strength (+4).
   Slay-3:    It affects your accuracy & damage with ranged weapons and melee
   (-3).
   rF+:       It protects you from fire.
   rN+:       It protects you from negative energy.
 w - a +4 ring of protection
 G - a ring of ice
Wands
 f - a wand of charming (31)
 B - a wand of mindburst (7)
 C - a wand of iceblast (8)
 E - a wand of flame (29)
Scrolls
 h - 7 scrolls of teleportation
 m - 4 scrolls of vulnerability
 o - a scroll of revelation
 q - 21 scrolls of identify
 y - 2 scrolls of immolation
 F - 2 scrolls of amnesia
 J - 5 scrolls of fear
Potions
 g - 2 potions of magic
 j - 3 potions of lignification
 p - a potion of brilliance
 t - 4 potions of degeneration
 x - 2 potions of resistance
 z - 6 potions of curing
 D - a potion of enlightenment
 H - 4 potions of attraction
 O - 2 potions of mutation


   Skills:
 + Level 14.7 Fighting
 - Level 0.6(0.8) Short Blades
 - Level 0.5(0.8) Long Blades
 - Level 12.2(15.3) Maces & Flails
 - Level 8.0(12.0) Polearms
 - Level 15.0(17.5) Staves
 - Level 0.6 Ranged Weapons
 - Level 0.5 Throwing
 + Level 13.2 Armour
 * Level 8.0 Dodging
 - Level 0.4 Stealth
 - Level 3.2 Shields
 - Level 0.7 Conjurations
 - Level 0.6 Hexes
 - Level 0.6 Summonings
 - Level 0.7 Necromancy
 - Level 0.7 Translocations
 - Level 0.4 Transmutations
 - Level 1.2 Fire Magic
 - Level 1.2 Ice Magic
 - Level 0.8 Air Magic
 - Level 1.2 Earth Magic
 - Level 1.0 Poison Magic
 - Level 1.3 Shapeshifting


You had 15 spell levels left.
You didn't know any spells.
Your spell library contained the following spells:

 Spells                   Type           Power      Damage    Failure   Level
 Necrotise                Necr           4%         1d4       80%         1
 Summon Small Mammal      Summ           4%         N/A       82%         1
 Scorch                   Fire           4%         2d5       86%         2
 Ensorcelled Hibernation  Hex/Ice        2%         N/A       88%         2
 Poisonous Vapours        Pois/Air       2%         N/A       88%         2
 Jinxbite                 Hex            2%         N/A       91%         2
 Wereblood                Tmut           0%         N/A       93%         2
 Ozocubu's Armour         Ice            2%         N/A       97%         3
 Hailstorm                Conj/Ice       2%         3d3       98%         3
 Mephitic Cloud           Conj/Pois/Air  1%         N/A       98%         3
 Call Canine Familiar     Summ           1%         N/A       99%         3
 Summon Guardian Golem    Hex/Summ       1%         N/A       99%         3
 Tukima's Dance           Hex            1%         N/A       99%         3
 Vampiric Draining        Necr           1%         2d6       99%         3
 Anguish                  Hex/Necr       0%         N/A       100%        4
 Flame Wave               Conj/Fire      1%         2d4       100%        4
 Passage of Golubria      Tloc           1%         N/A       100%        4
 Summon Ice Beast         Ice/Summ       1%         N/A       100%        4
 Agony                    Necr           1%         N/A       100%        5
 Freezing Cloud           Conj/Ice/Air   0%         6-21      100%        5
 Irradiate                Conj/Tmut      0%         3d11      100%        5
 Metabolic Englaciation   Hex/Ice        0%         N/A       100%        5
 Summon Forest            Summ/Tloc      0%         N/A       100%        5
 Summon Mana Viper        Hex/Summ       1%         N/A       100%        5
 Yara's Violent Unravell  Hex/Tmut       0%         3d3       100%        5
 Simulacrum               Ice/Necr       1%         N/A       100%        6
 Summon Cactus Giant      Summ           0%         N/A       100%        6


Dungeon Overview and Level Annotations

Branches:
Dungeon (15/15)            Temple (1/1) D:6            Lair (5/5) D:8
 Shoals (4/4) Lair:2       Spider (0/4) Lair:2        Slime (0/5) Lair:5
    Orc (1/2) D:11         Vaults (0/5) D:14
 Depths: D:15

Altars:
Ashenzari
Cheibriados
Dithmenos
Elyvilon
Fedhas
Gozag
Hepliaklqana
Kikubaaqudgha
Makhleb
Nemelex Xobeh
Okawaru
Qazlal
Ru
Sif Muna
Trog
Uskayaw
Vehumet
Wu Jian
Xom
Yredelemnul
Zin
The Shining One
Jiyva

Shops:
D:3 *   D:5 !   D:14 [   Shoals:3 *

Annotations:
Lair:3 Kirke


Innate Abilities, Weirdness & Mutations

You are immune to sickness and miasma.
Your stone body is resilient. (AC +12)
You are immune to poison.
Your large and strong wings let you fly.
You resist negative energy. (rN+)
You are resistant to electric shocks. (rElec)
You are resistant to unholy torment.
You are immune to petrification.
You are somewhat resistant to further mutation.


Message History

You can't go down here!
The merfolk impaler shouts!
The merfolk impaler shouts!
You block the merfolk impaler's attack.
The merfolk impaler hits you but does no damage.
You block the merfolk impaler's attack.
The merfolk impaler hits you but does no damage.
The merfolk impaler barely misses you. The merfolk impaler closely misses you.
You block the merfolk impaler's attack.
The merfolk impaler hits you but does no damage.
The merfolk impaler hits you from afar with a +0 trident of flaming.
The merfolk impaler burns you.
The merfolk impaler hits you but does no damage.
The merfolk impaler barely misses you. You block the merfolk impaler's attack.
The merfolk impaler hits you from afar with a +0 trident of flaming!
* * * LOW HITPOINT WARNING * * *
The merfolk impaler burns you.
* * * LOW HITPOINT WARNING * * *
The merfolk impaler hits you from afar with a +0 demon trident.
* * * LOW HITPOINT WARNING * * *
The merfolk impaler hits you from afar with a +0 trident of flaming.
* * * LOW HITPOINT WARNING * * *
The merfolk impaler hits you but does no damage.
You feel better. The merfolk impaler barely misses you.
The merfolk impaler hits you from afar with a +0 demon trident!
* * * LOW HITPOINT WARNING * * *
The merfolk impaler hits you but does no damage. x2
You are too injured to fight recklessly!
You are too injured to fight recklessly!
Blink to where?
Press: ? - help, Dir - move target
As you read the scroll of blinking, it crumbles to dust.
As you read the scroll of teleportation, it crumbles to dust.
You feel strangely unstable. The merfolk impaler closely misses you.
The merfolk impaler barely misses you.
The merfolk impaler attacks as it pursues you!
The merfolk impaler hits you but does no damage.
You block the merfolk impaler's attack.
The merfolk impaler hits you from afar with a +0 trident of flaming!
You die...

###≈≈≈≈≈~~# #8...#....
###≈≈≈≈≈≈.## ......##...P
###≈≈≈≈≈≈.~###...###.....
###≈≈≈≈≈≈≈~~.#####.......
###≈≈≈≈≈≈≈~~P.........P..
###≈≈≈≈≈≈≈.~~....P.......
###≈≈≈≈≈≈≈~~~..##........
###≈≈≈≈≈≈≈.~~~.~##......P
##≈≈≈≈≈@≈≈~~~~.~###.....
##≈≈≈≈≈≈≈≈≈..~~P...~....
##≈≈≈≈mm≈≈≈≈~~.~~~~~.~..
##≈≈≈≈≈t≈≈≈≈≈≈~..~~P~.~~
##≈≈≈≈≈≈≈≈≈≈≈≈≈≈≈~~~~.~~
##≈≈≈≈≈≈≈≈≈≈≈≈≈≈≈≈≈≈≈~~~
##≈≈≈≈≈≈≈≈≈≈≈≈≈≈≈≈≈≈≈≈≈≈
##≈≈≈≈≈≈≈≈≈≈≈≈≈≈≈≈≈≈≈≈≈≈
##≈≈≈≈≈≈≈≈≈≈≈≈≈≈≈≈≈≈≈≈≈≈


You could see 2 merfolk impalers and a snapping turtle.

Vanquished Creatures
  Frances (D:14)
  Donald (Shoals:2)
  Nessos (D:12)
  4 merfolk javelineers (Shoals:4)
  5 merfolk impalers
  Josephine (D:11)
  A vault guard (D:14)
  A hydra (Lair:3)
  3 merfolk avatars
  Erica (D:9)
  A death knight (D:13)
  6 merfolk aquamancers
  A catoblepas (D:14)
  An alligator snapping turtle (Shoals:4)
  A boulder beetle (D:13)
  2 satyrs
  9 two-headed ogres
  A tengu warrior (D:14)
  A centaur warrior (D:11)
  11 death yaks
  2 holy swine (Shoals:3)
  4 skysharks
  Nergalle (Lair:2)
  A skeletal warrior (D:13)
  7 sea snakes
  2 cherubim (Shoals:4)
  A phantasmal warrior (D:13)
  17 harpies
  Pikel (D:9)
  3 deep elf pyromancers
  4 fauns (Shoals:3)
  7 ugly things
  8 cyclopes
  8 manticores
  A salamander (shapeshifter) (D:14)
  5 black mambas
  4 slime creatures (D:13)
  7 merfolk sirens
  3 water nymphs
  Maurice (D:11)
  2 torpor snails
  2 molten gargoyles (Lair:3)
  9 cane toads
  3 gargoyles
  Psyche (D:9)
  A freezing wraith (D:14)
  2 rime drakes
  11 komodo dragons
  An efreet (D:14)
  2 kobold demonologists (D:12)
  9 trolls
  3 meliai (D:13)
  16 blink frogs
  2 wind drakes
  Prince Ribbit (D:7)
  12 dream sheep
  13 merfolk
  7 snapping turtles
  A centaur simulacrum (D:15)
  2 culicivoras (Lair:2)
  3 hogs
  A vampire (D:7)
  49 yaks
  8 wraiths
  2 wyverns
  9 water elementals
  7 basilisks
  5 vampire mosquitoes
  3 acid dragons
  10 water moccasins
  A swamp drake (Lair:4)
  7 orc warriors
  A sky beast (D:6)
  4 black bears
  2 ice beasts (D:5)
  5 centaurs
  4 wolves
  5 ogres
  A kobold brigand (D:11)
  A phantom (D:7)
  11 bullfrogs
  3 scorpions
  6 wights
  3 killer bees (D:8)
  6 howler monkeys
  5 lava snakes (Lair:3)
  4 jellies
  12 orc priests
  A gnoll bouda (D:4)
  7 hounds
  5 iguanas
  A sleepcap (D:7)
  Natasha (thrice) (D:4)
  8 orc wizards
  6 hell rats (Lair:3)
  17 adders
  6 gnolls
  A shadow imp (D:7)
  2 white imps
  An ufetubus (D:5)
  4 worms
  5 dart slugs
  40 orcs
  11 endoplasms
  2 giant cockroaches (D:1)
  3 hobgoblins
  4 jackals
  4 quokkas
  8 ball pythons
  6 bats
  2 frilled lizards
  7 goblins
  11 kobolds
  3 rats
586 creatures vanquished.

Notes
Turn   | Place    | Note
-------+----------+-------------------------------------------
     0 | D:1      | Schnaeble the Gargoyle Fighter began the quest for the Orb.
     0 | D:1      | Reached XP level 1. HP: 14/14 MP: 1/1
    33 | D:1      | Found a faded altar of an unknown god.
   345 | D:1      | Reached XP level 2. HP: 6/19 MP: 2/2
  1348 | D:2      | Reached XP level 3. HP: 23/24 MP: 3/3
  1591 | D:2      | Reached XP level 4. HP: 29/29 MP: 4/4
  1745 | D:2      | Reached XP level 5. HP: 33/33 MP: 5/5
  1901 | D:2      | Reached skill level 1 in Dodging
  2136 | D:3      | Found Pukhlyam's Assorted Antiques.
  2244 | D:3      | Reached skill level 5 in Maces & Flails
  2688 | D:4      | Noticed a black bear
  2698 | D:4      | Killed a black bear
  2699 | D:4      | Reached XP level 6. HP: 33/38 MP: 6/6
  2867 | D:4      | Noticed Natasha
  2872 | D:4      | Killed Natasha
  3011 | D:4      | Reached XP level 7. HP: 43/43 MP: 7/7
  3372 | D:4      | Noticed Natasha
  3379 | D:4      | Killed Natasha
  3410 | D:4      | Identified the ring of Bank {rC+ Slay+4}
  3575 | D:4      | Noticed Natasha
  3579 | D:4      | Killed Natasha
  3612 | D:5      | Entered Level 5 of the Dungeon
  3801 | D:5      | Reached XP level 8. HP: 48/48 MP: 8/8
  3813 | D:5      | Found Difosias's Distillery.
  3991 | D:4      | Gained mutation: You are somewhat resistant to further
                  | mutation. [potion of mutation]
  4630 | D:6      | Found a staircase to the Ecumenical Temple.
  4649 | Temple   | Entered the Ecumenical Temple
  4744 | Temple   | Became a worshipper of the Shining One
  4898 | D:6      | Reached skill level 10 in Maces & Flails
  4979 | D:6      | Reached XP level 9. HP: 46/52 MP: 9/9
  5738 | D:7      | Noticed Prince Ribbit
  5750 | D:7      | Killed Prince Ribbit
  5822 | D:7      | Reached * piety under the Shining One
  5848 | D:7      | Reached skill level 1 in Staves
  5858 | D:7      | Noticed a troll
  5859 | D:7      | Noticed a brown ugly thing
  5866 | D:7      | Reached skill level 5 in Fighting
  5869 | D:7      | Reached skill level 2 in Staves
  5874 | D:7      | Killed a brown ugly thing
  5875 | D:7      | Reached skill level 3 in Staves
  5875 | D:7      | Reached XP level 10. HP: 35/60 MP: 10/10
  5881 | D:7      | Reached skill level 4 in Staves
  5998 | D:7      | Identified the ring "Dyutit" {rF+ rN+ Str+4 Slay-3}
  6061 | D:7      | Noticed a two-headed ogre
  6210 | D:8      | Reached skill level 5 in Staves
  6240 | D:8      | Reached skill level 6 in Staves
  6435 | D:8      | Reached ** piety under the Shining One
  6892 | D:8      | Found a staircase to the Lair.
  6940 | Lair:1   | Entered Level 1 of the Lair of Beasts
  7341 | D:9      | Noticed Pikel
  7355 | D:9      | Killed Pikel
  7356 | D:9      | Reached skill level 7 in Staves
  7356 | D:9      | Reached XP level 11. HP: 71/71 MP: 11/11
  7384 | D:9      | Noticed Psyche
  7454 | D:9      | Killed Psyche
  7789 | D:9      | Noticed a two-headed ogre
  7802 | D:9      | Killed a two-headed ogre
  8008 | D:9      | Noticed Erica
  8022 | D:9      | Killed Erica
  8023 | D:9      | Reached skill level 8 in Staves
  8225 | D:10     | Entered Level 10 of the Dungeon
  8244 | D:10     | Reached skill level 1 in Shapeshifting
  8464 | D:10     | Found an iron altar of Okawaru.
  8486 | D:10     | Noticed a two-headed ogre
  8496 | D:10     | Killed a two-headed ogre
  8497 | D:10     | Reached skill level 9 in Staves
  8660 | D:10     | Noticed a two-headed ogre
  8668 | D:10     | Killed a two-headed ogre
  8669 | D:10     | Reached skill level 1 in Fire Magic
  9302 | D:11     | Noticed a green ugly thing
  9333 | D:11     | Noticed a cyan ugly thing
  9447 | Lair:1   | Reached skill level 1 in Earth Magic
  9457 | Lair:1   | Reached skill level 1 in Ice Magic
  9516 | Lair:1   | Reached skill level 10 in Staves
  9520 | Lair:1   | Reached skill level 1 in Poison Magic
  9676 | Lair:1   | Reached XP level 12. HP: 77/77 MP: 12/12
  9843 | Lair:1   | Reached skill level 11 in Staves
 10131 | Lair:1   | Reached *** piety under the Shining One
 10681 | Lair:1   | Reached skill level 12 in Staves
 10891 | Lair:2   | Noticed a death yak
 10891 | Lair:2   | Noticed a death yak
 11071 | Lair:2   | Found a hole to the Spider Nest.
 11192 | Lair:2   | Reached skill level 13 in Staves
 11369 | Lair:2   | Noticed Nergalle
 11387 | Lair:2   | Killed Nergalle
 11609 | Lair:3   | Reached skill level 14 in Staves
 11771 | Lair:3   | Reached XP level 13. HP: 74/82 MP: 13/13
 12052 | Lair:3   | Reached skill level 15 in Staves
 12132 | Lair:3   | Reached **** piety under the Shining One
 12132 | Lair:3   | Noticed Kirke
 12149 | Lair:3   | Reached skill level 1 in Polearms
 12719 | Lair:3   | You fall into a shaft and drop 2 floors!
 12719 | Lair:5   | Entered Level 5 of the Lair of Beasts
 12945 | Lair:5   | Reached skill level 5 in Polearms
 12957 | Lair:5   | Found a staircase to the Slime Pits.
 12957 | Lair:5   | Found a viscous altar of Jiyva.
 14028 | Lair:2   | Found a staircase to the Shoals.
 14219 | Lair:2   | Reached skill level 10 in Fighting
 14231 | Lair:2   | Gained mutation: Your large and strong wings let you fly.
                  | [Gargoyle growth]
 14231 | Lair:2   | Reached XP level 14. HP: 27/88 MP: 14/14
 14849 | D:7      | Identified the +1 chain mail of Lethargy {Slay+2}
 15038 | D:11     | Noticed Maurice
 15051 | D:11     | Killed Maurice
 15073 | D:11     | Found a staircase to the Orcish Mines.
 15135 | Orc:1    | Entered Level 1 of the Orcish Mines
 15389 | D:11     | Reached ***** piety under the Shining One
 15410 | D:11     | Reached skill level 5 in Armour
 15786 | D:11     | Found a snail-covered altar of Cheibriados.
 15895 | D:11     | Noticed Josephine
 15906 | D:11     | Killed Josephine
 16269 | D:12     | Noticed Nessos
 16279 | D:12     | Killed Nessos
 17314 | D:13     | Reached skill level 5 in Dodging
 18221 | D:14     | Found Homocaet's Antique Armour Shoppe.
 18239 | D:14     | Found Zin's Purification Station.
 18243 | D:14     | Found a glowing silver altar of Zin.
 18247 | D:14     | Bought 2 potions of curing for 180 gold pieces
 18502 | D:14     | Found a gate to the Vaults.
 18675 | D:14     | Noticed Frances
 18695 | D:14     | Killed Frances
 18817 | D:14     | Identified the +4 scale mail of the Beginning {rC+}
 18929 | D:14     | Reached XP level 15. HP: 97/97 MP: 15/15
 19326 | D:14     | Identified the +7 spear "Siny" {elec, rF+ rN+ Will-}
 19487 | D:15     | Entered Level 15 of the Dungeon
 19740 | Shoals:1 | Entered Level 1 of the Shoals
 20506 | Shoals:1 | Reached skill level 10 in Armour
 21260 | Shoals:2 | Noticed Donald
 21292 | Shoals:2 | Killed Donald
 22254 | Shoals:3 | Reached ****** piety under the Shining One
 22602 | Shoals:4 | Entered Level 4 of the Shoals
 22708 | Shoals:4 | Reached XP level 16. HP: 25/105 MP: 13/16
 23331 | Shoals:4 | Found a glowing golden altar of the Shining One.
 23591 | Shoals:3 | Found Nuacvier's General Store.
 23814 | Shoals:3 | Bought a scroll of enchant armour for 105 gold pieces
 23814 | Shoals:3 | Bought a scroll of identify for 28 gold pieces
 25003 | Shoals:4 | Found a glowing silver altar of Zin.
 25129 | Shoals:4 | Slain by a merfolk impaler

Illustrated notes

Levels and vault maps discovered:
D:1:      matt_arrival_spirals, layout_basic,
          shapermc_ecumenical_altar_starsandcircs
D:2:      layout_rooms, minmay_liquid_box, minmay_snake_closets
D:3:      layout_basic, serial_shops, nicolae_shop_rolling_square
D:4:      layout_basic, uniq_natasha
D:5:      layout_cave_pools, serial_shops, shop, kennysheep_generic_room_15
D:6:      layout_basic, minmay_temple_entry_glassed_door
D:7:      minmay_the_grid_octo_2x2 [minmay_the_grid_octo_thin_diamonds,
          minmay_the_grid_octo_checkered, minmay_the_grid_octo_teeth,
          minmay_the_grid_octo_prize_big_c], layout_cave_pools,
          uniq_prince_ribbit1
D:8:      layout_basic, david_lair_shrubbed
D:9:      layout_roguey, uniq_erica, uniq_psyche, uniq_maggie, uniq_pikel
D:10:     layout_roguey, lemuel_crystal_altar
D:11:     layout_rooms, david_orc_5, cheibriados_altar_1, uniq_maurice,
          uniq_josephine
D:12:     layout_loops_ring, uniq_nessos
D:13:     layout_basic
D:14:     minmay_evil_eye, layout_cave_pods, david_vaults_5,
          minmay_misc_feat_more_columns, serial_shops, shop, zin_purify,
          uniq_frances
D:15:     grunt_enter_depths_hoard, layout_basic, grunt_dithmenos_shadows
Temple:   mainiacjoe_temple_archimedes_tessellation
Lair:1:   layout_roguey
Lair:2:   layout_roguey, elwin_shoals_entry_rooms,
          hellmonk_spider_entry_life_and_decay, chequers_serial_rivers_micro_a,
          lemuel_fruit_fields, grunt_megastairs_4, serial_bayou_shore_b,
          lemuel_fruit_fields, uniq_nergalle
Lair:3:   cheibrodos_magma_flow, layout_chaotic_city, grunt_megastairs_5,
          uniq_kirke
Lair:4:   beast_lair_carwin_large_3, layout_regular_city, enter_volcano_2,
          guppyfry_lair_drakes
Lair:5:   hangedman_lair_caniforms_friends, layout_loops_ring,
          nicolae_slime_entry_slimehenge, uniq_rupert
Shoals:1: layout_shoals
Shoals:2: layout_shoals, nicolae_shop_firing_range, uniq_nikola, uniq_donald
Shoals:3: layout_shoals, serial_shops, shop,
          nicolae_shoals_lost_giant_amphitheater, nicolae_shoals_gull_way
Shoals:4: shoals_end_hellmonk_holy_island, uniq_polyphemus
Orc:1:    layout_caves, serial_shops, shop

Skill      XL: |  1  2  3  4  5  6  7  8  9 10 11 12 13 14 15 16 |
---------------+-------------------------------------------------+-----
Maces & Flails | 3 4 5 6 8 10 12 | 12.2
Dodging        | 1 2 3 5 7 8 |  8.0
Fighting       | 4 6 9 10 12 13 14 | 14.7
Staves         | 3 7 10 14 15 | 15.0
Shapeshifting  | 1 |  1.3
Fire Magic     | 1 |  1.2
Earth Magic    | 1 |  1.2
Ice Magic      | 1 |  1.2
Poison Magic   | 1 |  1.0
Polearms       | 8 |  8.0
Armour         | 4 8 12 13 | 13.2
Short Blades   | |  0.6
Long Blades    | |  0.5
Ranged Weapons | |  0.6
Throwing       | |  0.5
Stealth        | |  0.4
Shields        | |  3.2
Conjurations   | |  0.7
Hexes          | |  0.6
Summonings     | |  0.6
Necromancy     | |  0.7
Translocations | |  0.7
Transmutations | |  0.4
Air Magic      | |  0.8

Action                     |  1- 3 |  4- 6 |  7- 9 | 10-12 | 13-15 | 16-18 || total
---------------------------+-------+-------+-------+-------+-------+-------++-------
  Melee: Flail             |   104 |   186 |   273 |       |       |       ||   563
         Spear             |       |       |    28 |   618 |  1474 |   255 ||  2375
         Unarmed           |       |       |       |     1 |       |       ||     1
  Throw: Throwing net      |       |       |       |     1 |     1 |       ||     2
 Invoke: Divine Shield     |       |       |       |     2 |     8 |     3 ||    13
         Cleansing Flame   |       |       |       |       |     1 |       ||     1
  Evoke: Wand              |       |       |       |     3 |     2 |       ||     5
    Use: Scroll            |     2 |     2 |     5 |     6 |     8 |     8 ||    31
         Potion            |       |     7 |     7 |     8 |     6 |     9 ||    37
   Stab: Held in net/web   |       |       |     1 |       |       |       ||     1
 Armour: Scale mail        |    81 |   127 |   187 |    75 |       |       ||   470
         Skin              |       |     8 |    18 |     4 |     2 |       ||    32
         Chain mail        |       |       |       |   221 |   448 |   296 ||   965
         Plate armour      |       |       |       |       |   172 |       ||   172
  Dodge: Dodged            |    45 |    76 |   121 |   172 |   251 |   120 ||   785
  Block: Buckler           |    21 |    37 |   157 |   214 |   360 |   145 ||   934
         Reflection        |       |       |     7 |     5 |    15 |     9 ||    36
         Other             |       |       |       |       |     1 |       ||     1

Table legend: (Time is in decaauts)
 A = Elapsed time spent in this place.
 B = Non-inter-level travel time spent in this place.
 C = Inter-level travel time spent in this place.
 D = Time resting spent in this place.
 E = Time spent auto-exploring this place.
 F = Levels seen in this place.
 G = Mean time per level.
                   A        B        C        D        E       F      G
               +--------+--------+--------+--------+--------+-----+--------+
         Total |  24326 |  22902 |   1424 |      0 |  17906 |  26 |  935.6 |
       Dungeon |  14151 |  13266 |    885 |      0 |  10641 |  15 |  943.4 |
        Temple |    123 |     12 |    111 |      0 |      0 |   1 |  123.0 |
          Lair |   5337 |   5107 |    230 |      0 |   3906 |   5 | 1067.4 |
        Shoals |   4694 |   4498 |    196 |      0 |   3358 |   4 | 1173.5 |
  Orcish Mines |     19 |     19 |      0 |      0 |      0 |   1 |   19.0 |
               +--------+--------+--------+--------+--------+-----+--------+

Top non-repeatable levels by time:
Shoals:3: 2424 daAuts
  Lair:2: 1580 daAuts
  Lair:1: 1555 daAuts
     D:8: 1436 daAuts
    D:10: 1426 daAuts
     D:1: 1337 daAuts
    D:14: 1266 daAuts
    D:13: 1210 daAuts
  Lair:3: 967 daAuts
     D:4: 961 daAuts
     D:7: 912 daAuts
Shoals:1: 909 daAuts
     D:9: 905 daAuts
     D:5: 900 daAuts
    D:11: 833 daAuts
